 Dungeon Crawl Stone Soup version 0.31.0-12-g77e489cdc1 (webtiles) character file.

Game seed: 15884603554925526255

67 lordive the Insei (level 4, 0/28 HPs)
             Began as an Octopode Shapeshifter on Feb 29, 2024.
             Slain by a giant cockroach (1 damage)
             ... on level 2 of the Dungeon.
             The game lasted 00:01:17 (1315 turns).

lordive the Insei (Octopode Shapeshifter)           Turns: 1315, Time: 00:01:17

Health: 0/28       AC:  1    Str: 13    XL:     4   Next: 18%
Magic:  4/4        EV: 13    Int: 12    God:
Gold:   152        SH:  0    Dex: 13    Spells: 3/3 levels left

rFire   . .          .
                       - Unarmed
rCold   . . .        (no shield)
rNeg    . . .        (helmet currently unavailable)
rPois   .            (no amulet)
rElec   .            (no ring)
rCorr   .            (no ring)
SInv    .            (no ring)
Will    .....        (no ring)
Stlth   ++           (no ring)
HPRegen 0.24/turn    (no ring)
MPRegen 0.09/turn    (no ring)
                     (no ring)

%: no passive effects
@: beast-form
A: beast (slay +2), almost no armour, amphibious, 8 rings, camouflage 1,
gelatinous body 1, (nimble swimmer 1), tentacles
a: Begin Untransformation


You were on level 2 of the Dungeon.
You were a hulking beast.
You visited 1 branch of the dungeon, and saw 2 of its levels.

You collected 152 gold pieces.

Inventory:

Talismans
 b - a beast talisman
 c - a flux talisman
Scrolls
 d - a scroll of noise {unknown}
 e - a scroll of enchant armour {unknown}
 h - a scroll of poison {unknown}
 i - 2 scrolls of identify {unknown}
 j - a scroll of torment {unknown}
 k - a scroll of immolation {unknown}
 m - a scroll of fear {unknown}
Potions
 a - 2 potions of lignification
 f - a potion of brilliance {unknown}
 g - a potion of mutation {unknown}
 l - a potion of attraction {unknown}


   Skills:
 + Level 1.1 Fighting
 + Level 2.3 Dodging
 + Level 3.9 Unarmed Combat
 + Level 3.8 Shapeshifting


You had 3 spell levels left.
You didn't know any spells.
Your spell library was empty.

Dungeon Overview and Level Annotations

Branches:
Dungeon (2/15)

Altars:


Innate Abilities, Weirdness & Mutations

You are a hulking beast.
Your limbs bulge with bestial killing power. (Slay +2)
You cannot wear most types of armour.
You are amphibious.
You can wear up to eight rings at the same time.
Your skin changes colour to match your surroundings (Stealth+).
Your rubbery body absorbs attacks. (AC +1, EV +1)
((You are camouflaged when in or above water. (Stealth+)))
You have tentacles for arms and can constrict up to eight enemies at once.


Message History

A gnoll comes into view. It is wielding a +0 spear.
A gnoll is nearby!
A gnoll is nearby!
A gnoll is nearby!
An endoplasm comes into view.
The gnoll shouts!
The endoplasm quivers.
A gnoll comes into view. It is wielding a +0 whip.
The gnoll hits you with a +0 spear.
The gnoll shouts!
You bludgeon the gnoll! Your grab misses the gnoll. You squeeze the gnoll!
You kill the gnoll!
A giant cockroach comes into view.
Found a copper wand.
The gnoll barely misses you. The gnoll hits you with a +0 halberd.
Things that are here:
a +0 spear; a gnoll corpse You tentacle-slap the gnoll.
You grab the gnoll. You squeeze the gnoll.
The gnoll is almost dead.
You constrict the gnoll.
You kill the gnoll!
The gnoll barely misses you.
You have reached level 4!
The gnoll hits you from afar with a +0 halberd!
Ouch! That really hurt!
* * * LOW HITPOINT WARNING * * *
You bludgeon the endoplasm!
You kill the endoplasm!
The gnoll barely misses you. The gnoll hits you with a +0 halberd.
* * * LOW HITPOINT WARNING * * *
The giant cockroach bites you.
* * * LOW HITPOINT WARNING * * *
Things that are here:
a +0 spear; a gnoll corpse The gnoll completely misses you.
The giant cockroach bites you.
* * * LOW HITPOINT WARNING * * *
The giant cockroach attacks as it pursues you!
The giant cockroach bites you.
You die...

######## ####....!.# #######
#...=.....# .......
#.........# /......
#.........##.......
#........hB)g......
#.........##......<..
#.........# ........♣
########.........# ........♣
#.....###'#.....## #####.#.♣
#.....#...#.....# #...♣
#.....#.###..(..# #.#.♣
#.......###.....########...♣♣
#......###...............#..♣♣


You could see a gnoll and a giant cockroach.

Vanquished Creatures
  2 gnolls (D:2)
  An adder (D:2)
  2 ribbon worms (D:2)
  4 ball pythons
  4 endoplasms
  3 giant cockroaches
  2 goblins (D:2)
  2 hobgoblins
  4 bats
  4 frilled lizards
  3 kobolds
  5 rats
36 creatures vanquished.

Notes
Turn   | Place    | Note
-------+----------+-------------------------------------------
     0 | D:1      | lordive the Octopode Shapeshifter began the quest for the
                  | Orb.
     0 | D:1      | Reached XP level 1. HP: 13/13 MP: 1/1
   298 | D:1      | Reached XP level 2. HP: 18/18 MP: 2/2
  1047 | D:2      | Reached XP level 3. HP: 21/23 MP: 3/3
  1311 | D:2      | Reached XP level 4. HP: 22/28 MP: 4/4
  1314 | D:2      | HP: 1/28 [giant cockroach (1)]
  1315 | D:2      | Slain by a giant cockroach

Illustrated notes

Levels and vault maps discovered:
D:1:      saegor_arrival_simple_e, layout_basic, chequers_serial_rivers_marsh
D:2:      layout_basic, dilly_ecumenical_altar_fadedgnrine

Action                     |  1- 3 |  4- 6 || total
---------------------------+-------+-------++-------
  Melee: Unarmed           |    57 |     1 ||    58
         Constrict         |    14 |       ||    14
         Tentacles         |     9 |       ||     9
         Punch             |     1 |       ||     1
   Stab: Sleeping          |     9 |       ||     9
 Armour: Skin              |    23 |     5 ||    28
  Dodge: Dodged            |    32 |     2 ||    34
